 Dungeon Crawl Stone Soup version 0.29-a0-2-g12fcac58f8 (webtiles) character file.

Game seed: 15788853712607707488

56 Ajdolov the Sneak (level 3, -2/18 HPs)
             Began as a Spriggan Brigand on Jan 26, 2022.
             Slain by an orc (5 damage)
             ... on level 3 of the Dungeon.
             The game lasted 00:08:00 (2259 turns).

Ajdolov the Sneak (Spriggan Brigand)                Turns: 2259, Time: 00:08:01

Health: -2/18      AC:  3    Str:  7    XL:     3   Next: 69%
Magic:  4/4        EV: 17    Int: 12    God:
Gold:   77         SH:  0    Dex: 18    Spells: 2/2 levels left

rFire   . . .      SeeInvis +   a - +2 dagger
rCold   . . .      Faith    .   (no shield)
rNeg    . . .      Spirit   .   o - +0 robe
rPois   .          Reflect  .   (helmet restricted)
rElec   .          Harm     .   c - +0 cloak
rCorr   .          Rampage  .   (gloves unavailable)
Will    +....                   (boots unavailable)
Stlth   ++++......              (no amulet)
HPRegen 0.06/turn               g - ring of willpower
MPRegen 0.09/turn               (no ring)

@: very quick
A: very small, no large weapons, unfitting armour, see invisible, speed 3
a: no special abilities


You were on level 3 of the Dungeon.
You visited 1 branch of the dungeon, and saw 3 of its levels.

You collected 108 gold pieces.
You spent 31 gold pieces at shops.

Inventory:

Hand Weapons
 a - a +2 dagger (weapon)
 b - a +0 hunting sling
Missiles
 d - 11 poisoned darts (quivered)
 e - 2 curare-tipped darts
 k - 3 datura-tipped darts
 m - 16 sling bullets
Armour
 c - a +0 cloak (worn)
 o - a +0 robe (worn)
Jewellery
 g - a ring of willpower (left hand)
Scrolls
 h - a scroll of blinking {unknown}
 i - 2 scrolls of identify {unknown}
 j - a scroll of holy word {unknown}
 n - a scroll of immolation {unknown}
Potions
 f - a potion of cancellation {unknown}
 l - 2 potions of berserk rage {unknown}


   Skills:
 - Level 1.5 Fighting
 * Level 3.2 Short Blades
 - Level 2.0 Throwing
 + Level 1.8 Dodging
 + Level 7.3 Stealth


You had 2 spell levels left.
You didn't know any spells.
Your spell library contained the following spells:

 Spells                   Type           Power      Damage    Failure   Level
 Foxfire                  Conj/Fire      0%         2x1d4     32%         1
 Magic Dart               Conj           0%         1d3       32%         1
 Call Imp                 Summ           0%         N/A       45%         2
 Conjure Flame            Conj/Fire      0%         6-21      69%         3
 Inner Flame              Hex/Fire       0%         N/A       69%         3
 Mephitic Cloud           Conj/Pois/Air  0%         N/A       69%         3
 Flame Wave               Conj/Fire      0%         2d4       97%         4


Dungeon Overview and Level Annotations

Branches:
Dungeon (3/15)

Altars:
Makhleb

Shops:
D:2 (((


Innate Abilities, Weirdness & Mutations

You are very small and have problems with some larger weapons.
You are too small for most types of armour.
You have supernaturally acute eyesight. (SInv)
You cover ground extremely quickly. (Speed+++)


Message History

The sling bullet hits the orc but does no damage.
The orc is moderately wounded.
Fire: 19 sling bullets
Press: ? - help, Q - select action, (/) - cycle Shift-Dir - straight line, f/p - orc
Aim: an orc, wielding a +0 short sword (moderately wounded, 60% to hit)
You shoot a sling bullet. The sling bullet hits the orc.
The orc is almost dead.
Fire: 18 sling bullets
Press: ? - help, Q - select action, (/) - cycle Shift-Dir - straight line, f/p - orc
Aim: an orc, wielding a +0 short sword (almost dead, 60% to hit)
You shoot a sling bullet. The sling bullet hits the orc.
You kill the orc!
Fire: 17 sling bullets
Press: ? - help, Q - select action, (/) - cycle Shift-Dir - straight line, f - orc wizard
Aim: an orc wizard, wielding a +0 dagger and wearing a +0 robe (moderately wounded, slightly transparent, 53% to hit)
You shoot a sling bullet. The sling bullet hits the orc wizard.
The orc wizard is severely wounded.
Fire: 16 sling bullets
Press: ? - help, Q - select action, (/) - cycle Shift-Dir - straight line, f/p - orc wizard
Aim: an orc wizard, wielding a +0 dagger and wearing a +0 robe (severely wounded, slightly transparent, 53% to hit)
Okay, then.
a - a +2 dagger (weapon)
You hit the orc wizard.
The orc wizard is severely wounded.
The orc wizard hits you with a +0 dagger.
You hit the orc wizard.
The orc wizard is almost dead.
The orc completely misses you.
You barely miss the orc wizard.
The orc wizard is almost dead.
The orc wizard casts a spell at you. The puff of flame hits you!
The orc hits you but does no damage.
You hit the orc wizard.
The orc wizard is almost dead.
The orc wizard gestures at you while chanting.
The magic dart hits you.
* * * LOW HITPOINT WARNING * * *
You open the door.
The orc hits you from afar with a +0 trident of flaming.
You die...

#...#..#.#####.# ##.###....
...# #..#..#### .... ##...##
...## ##.## #.# #.# #.# #.# #.#
######.########'###
#.(.....#.(.(o.@..##
#.##o.....#....o#..## ##
#.#.....##.#.#.#.##.## #.##
##o#....##.♣.###.⌠.##.###...#.#
(o.....####.#.#.#.####.<.......
##.....#.#.#.#.#.#.#.#..#...#.
###..#.⌠.###.8.###.8.#.# .#
#...#.#.#.#.#.#.#.#..#
###.####.#.###.####.##


You could see an orc wizard (invisible) and an orc.

Vanquished Creatures
  2 adders
  2 dart slugs (D:1)
  2 orcs
  3 endoplasms
  A hobgoblin (D:2)
  2 kobolds
  2 quokkas
  2 ball pythons
  6 bats
  2 frilled lizards
  4 goblins
  6 rats
34 creatures vanquished.

Notes
Turn   | Place    | Note
-------+----------+-------------------------------------------
     0 | D:1      | Ajdolov the Spriggan Brigand began the quest for the Orb.
     0 | D:1      | Reached XP level 1. HP: 10/10 MP: 2/2
   133 | D:1      | Reached skill level 6 in Stealth
   340 | D:1      | Reached XP level 2. HP: 14/14 MP: 3/3
   687 | D:1      | Found a faded altar of an unknown god.
   789 | D:1      | Found a burning altar of Makhleb.
   937 | D:2      | Reached skill level 7 in Stealth
   954 | D:2      | Reached XP level 3. HP: 12/18 MP: 4/4
  1140 | D:2      | Found Meshaogg's Weapon Shop.
  1152 | D:2      | Bought 3 datura-tipped darts for 13 gold pieces
  1152 | D:2      | Found Zunag's Weapon Emporium.
  1686 | D:2      | Found Xuenolar's Weapon Boutique.
  1772 | D:2      | Bought a +0 hunting sling for 18 gold pieces
  2259 | D:3      | Slain by an orc

Illustrated notes

Levels and vault maps discovered:
D:1:      dpeg_arrival_line_fractal, layout_rooms,
          chequers_ecumenical_altar_island, kennysheep_flooded_box
D:2:      layout_loops_cross, serial_shops, shop, shop, shop
D:3:      layout_loops_corners, serial_co_window_serial, co_window_paths_a,
          co_window_paths_a, co_window_paths_a, co_window_paths_a,
          co_window_paths_a, co_window_of_opportunity_b, co_window_paths_c,
          co_window_paths_c, co_window_unsneaky_path_b, co_window_4corner_b,
          grunt_decor_mini_mirrors

Skill      XL: |  1  2  3 |
---------------+----------+-----
Stealth        | 6 7 |  7.3
Short Blades   | 3 |  3.2
Fighting       | |  1.5
Throwing       | |  2.0
Dodging        | |  1.8

Action                   || total
-------------------------++-------
Melee: Dagger            ||    97
       Punch             ||     1
 Fire: Hunting sling     ||    15
Throw: Dart              ||    16
 Stab: Sleeping          ||    11
Armor: Robe              ||    11
Dodge: Dodged            ||    61

Table legend: (Time is in decaauts)
 A = Elapsed time spent in this place.
 B = Non-inter-level travel time spent in this place.
 C = Inter-level travel time spent in this place.
 D = Time resting spent in this place.
 E = Time spent auto-exploring this place.
 F = Levels seen in this place.
 G = Mean time per level.
                   A        B        C        D        E       F      G
               +--------+--------+--------+--------+--------+-----+--------+
         Total |   1641 |   1589 |     52 |    425 |    821 |   3 |  547.0 |
       Dungeon |   1641 |   1589 |     52 |    425 |    821 |   3 |  547.0 |
               +--------+--------+--------+--------+--------+-----+--------+

Top non-repeatable levels by time:
     D:1: 684 daAuts
     D:2: 670 daAuts
     D:3: 285 daAuts
